Unix NetHack Version 3.7.0-66 Work-in-progress - last build Oct 24 2022 02:09:04 (0cf9ee0665dfd4e3628fd2b6ead320895a4d4695,branch:master). Game began 2022-10-25 22:39:16, ended 2022-10-25 23:21:19. aerth, neutral female human Monk ---- -------- |1.-----......| |..^^^^0000...| |^------...1..| |^| |......| |^|------0----| |^||0...|.....| |1||.000|.000.| |^|-df........| |<|>@c.---....| -------- ------ Aerth the Initiate St:16 Dx:15 Co:14 In:15 Wi:10 Ch:7 Neutral Dlvl:8 $:132 HP:0(67) Pw:43(43) AC:8 Xp:8/1704 T:4771 Latest messages: The wolf bites the wolf. The wolf bites the wolf. The wolf bites! You stop searching. The wolf bites! You stop searching. You swap places with your wolf. You swap places with your wolf. You stop. Your wolf is in the way! The wolf bites! You swap places with your wolf. There are several objects here. You hear some noises in the distance. You see here a towel. c - a towel. You hit the giant spider! The giant spider bites! You hit the giant spider! The giant spider bites! You kill the giant spider! You see here a giant spider corpse. You stumble into a spider web! You disentangle yourself. You swap places with the peaceful large cat. What do you want to throw? [$ or ?*] In what direction? The large cat devours a tripe ration. You swap places with your wolf. You swap places with your large cat. You swap places with your wolf. There are several objects here. You climb up the stairs. The wolf bites! You descend the stairs. You feel full of energy. You hear some noises in the distance. You climb up the stairs. The large cat bites the wolf. The large cat misses the wolf. You hit the wolf! The large cat misses the wolf. The wolf bites! You kill the wolf! d - a black gem. The large cat misses the wolf. The cockatrice bites! The cockatrice touches you! The large cat misses the wolf. You hit the cockatrice! You turn to stone... Inventory: Coins ('$') $ - 132 gold pieces Armor ('[') v - an uncursed greased +0 dwarvish iron helm (being worn) a - an uncursed +2 pair of leather gloves w - an uncursed +0 pair of iron shoes Comestibles ('%') g - 5 uncursed apples f - 2 uncursed food rations i - 4 uncursed fortune cookies h - 6 uncursed oranges S - an uncursed tripe ration B - an uncursed egg m - an uncursed lichen corpse Potions ('!') e - an uncursed potion of healing Rings ('=') U - an uncursed ring of polymorph control Wands ('/') u - an uncursed wand of striking (0:4) Tools ('(') l - an uncursed pair of lenses k - an uncursed skeleton key P - an uncursed stethoscope s - 3 uncursed tallow candles z - an uncursed tin opener c - an uncursed towel Gems/Stones ('*') d - an uncursed worthless piece of black glass Aerth the Monk's attributes: Background: You were an Initiate, a level 8 female human Monk. You were neutral, on a mission for Chih Sung-tzu who was opposed by Shan Lai Ching (lawful) and Huan Ti (chaotic). You were in Sokoban, on level 8. You entered the dungeon 4771 turns ago. It was nighttime. There was a new moon in effect when your adventure ended. You had 1704 experience points, 856 more were needed to attain level 9. Basics: You had 0 out of 67 hit points. You had all 43 energy points (spell power). Your armor class was 8. Your wallet contained 132 zorkmids. Autopickup was on for '$?!"=/*', with exceptions. Final Characteristics: Your strength was 16 (limit:18/100). Your dexterity was 15 (limit:18). Your constitution was 14 (peak:15, limit:18). Your intelligence was 15 (limit:18). Your wisdom was 10 (limit:18). Your charisma was 7 (limit:18). Final Status: You were not hungry. You were unencumbered. You were bare handed. You had expert skill with martial arts. Final Attributes: You were piously aligned. You were sleep resistant. You were poison resistant. You saw invisible. You were warned. You were stealthy. You were fast. You are dead. Miscellaneous: You disabled loading of bones levels. Total elapsed playing time was 42 minutes and 2 seconds. Major events: Turn 1: aerth the neutral female human Monk entered the dungeon 559: attained the rank of Novice (level 3) 611: entered the Gnomish Mines 846: attained the rank of Initiate (level 6) 1219: reached Mine Town 2941: entered Sokoban 4771: petrified by a cockatrice Vanquished creatures: a ghost 2 large mimics a leocrotta 2 human mummies a wraith an amorous demon 3 wolves a winter wolf cub a giant spider 2 gnome rulers an owlbear a werewolf a housecat 2 dust vortices 2 ravens a snake 2 soldier ants a quasit an orc shaman a rock piercer a rock mole 5 gnome leaders 4 gnomish wizards a kobold mummy a gray ooze a little dog a kitten 8 dwarves a kobold shaman a rothe 3 orc zombies an iguana a gas spore 4 hobbits 10 manes 5 giant rats a cave spider 2 green molds 28 gnomes a gnome zombie a gecko 9 jackals a kobold a goblin 3 sewer rats a bat 3 lichens 7 newts 134 creatures vanquished. No species were genocided or became extinct. Voluntary challenges: You never hit with a wielded weapon. You read items or engraved 3 times. You never engraved Elbereth. You never genocided any monsters. You never polymorphed an object. You used no wishes. You did not violate any of the special Sokoban rules. Achievements: You attained the rank of Novice. You entered the Gnomish Mines. You attained the rank of Initiate. You entered Minetown. You entered a shop. You entered a temple. You entered Sokoban. The Dungeons of Doom: levels 1 to 10 Level 1: Level 2: Some fountains. Level 3: A sink. Stairs down to The Gnomish Mines. Level 4: Level 5: Level 6: Level 7: A grave. Level 8: Level 9: A jewelers. Stairs up to Sokoban, level 8. Level 10: The Gnomish Mines: levels 4 to 7 Level 4: Level 5: Level 6: Level 7: Many shops, a temple to Chih Sung-tzu, some fountains. Sokoban: Level 8: <- You were here. Unsolved. Final resting place for you, petrified by a cockatrice. Game over: ---------- / \ / REST \ / IN \ / PEACE \ / \ | aerth | | 132 Au | | petrified by a | | cockatrice | | | | | | 2022 | *| * * * | * _________)/\\_//(\/(/\)/\//\/|_)_______ Goodbye aerth the Monk... You turned to stone in Sokoban on dungeon level 8 with 7513 points, and 132 pieces of gold, after 4771 moves. You were level 8 with a maximum of 67 hit points when you turned to stone.